 Seeded DCSS version 0.28-a0-983-g1de4e0787c (webtiles) character file.

Game seed: 1046690638713776861 (custom seed)

361 a11behringer the Cudgeller (level 6, -2/39 HPs)
             Began as a Gargoyle Berserker on Dec 2, 2021.
             Was a Follower of Trog.
             Slain by a killer bee (7 damage)
             ... on level 4 of the Dungeon.
             The game lasted 00:08:33 (3510 turns).

a11behringer the Cudgeller (Gargoyle Berserker)     Turns: 3510, Time: 00:08:33

Health: -2/39      AC: 16    Str: 22    XL:     6   Next: 66%
Magic:  6/6        EV:  7    Int:  8    God:    Trog [*.....]
Gold:   115        SH:  0    Dex:  9    Spells: 5/5 levels left

rFire   . . .      SeeInvis .   a - +0 mace
rCold   . . .      Faith    .   (no shield)
rNeg    + . .      Spirit   .   h - +0 plate armour
rPois   ∞          Reflect  .   (no helmet)
rElec   +          Harm     .   (no cloak)
rCorr   .          Rampage  .   (no gloves)
Will    .....                   (no boots)
Stlth   ..........              (no amulet)
HPRegen 0.13/turn               (no ring)
MPRegen 0.10/turn               (no ring)

@: on berserk cooldown, slowed, very slow
A: sickness immunity, AC +4, negative energy resistance 1, electricity
resistance, torment resistance 1, petrification resistance
a: Renounce Religion, Berserk


You were on level 4 of the Dungeon.
You worshipped Trog.
Trog was aware of your devotion.
You visited 1 branch of the dungeon, and saw 4 of its levels.

You collected 115 gold pieces.

Inventory:

Hand Weapons
 a - a +0 mace (weapon)
Armour
 b - a +0 animal skin
 f - a +0 ring mail
 h - a +0 plate armour (worn)
Jewellery
 i - a ring of resist corrosion
Scrolls
 c - 5 scrolls of identify {unknown}
 d - 2 scrolls of enchant armour {unknown}
 j - a scroll of blinking {unknown}
Potions
 e - a potion of mutation {unknown}


   Skills:
 + Level 4.6 Fighting
 + Level 5.5 Maces & Flails
 + Level 4.3 Armour
 - Level 1.8 Dodging


You had 5 spell levels left.
You didn't know any spells.
Your spell library was empty.

Dungeon Overview and Level Annotations

Branches:
Dungeon (4/15)
 Temple: D:4-7

Altars:


Innate Abilities, Weirdness & Mutations

You are immune to sickness and miasma.
Your stone body is resilient. (AC +4)
You are immune to poison.
You resist negative energy. (rN+)
You are resistant to electric shocks. (rElec)
You are resistant to unholy torment.
You are immune to petrification.


Message History

The killer bee is heavily wounded.
The killer bee stings you.
* * * LOW HITPOINT WARNING * * *
You sock the killer bee!
You kill the killer bee!
Trog accepts your kill. The killer bee barely misses you.
Your Armour skill increases to level 4!
You closely miss the killer bee.
The killer bee is heavily wounded.
The killer bee stings you but does no damage.
The killer bee stings you.
* * * LOW HITPOINT WARNING * * *
You sock the killer bee!
The killer bee is almost dead.
The killer bee stings you but does no damage.
You barely miss the killer bee.
The killer bee is almost dead.
Your skin stops crawling.
You feel less strong-willed.
The killer bee stings you but does no damage.
The killer bee barely misses you.
You miss the killer bee.
The killer bee is almost dead.
The killer bee barely misses you.
You thump the killer bee!
You kill the killer bee!
Trog accepts your kill.
You closely miss the killer bee.
The killer bee stings you but does no damage.
The killer bee barely misses you.
You miss the killer bee.
You are no longer berserk.
You are exhausted.
You feel yourself slow down.
The killer bee stings you but does no damage.
The killer bee barely misses you.
You hit the killer bee but do no damage.
The killer bee stings you but does no damage. x2
The killer bee stings you!
You die...

#.# #....# #.# #....# ..
#.#########....##.
#.................
##.................
.#.................
.#........†.)#'#.# .
+#........†..#.#.#
######..
..#..........#.#@# #.....
..#..........#.#y# #...#
..#..........#.#y###...##
###..........#.#yK.yy...#
#................y....#
###########...........#
#...........#
#............K
#..............#


You could see 3 killer bees and a kobold.

Vanquished Creatures
  A phantom (D:4)
  3 killer bees (D:4)
  An iguana (D:4)
  An adder (D:3)
  4 gnolls (D:3)
  An adder skeleton (D:4)
  2 worms
  4 dart slugs
  4 ball pythons
  A bat (D:1)
  7 endoplasms
  A giant cockroach (D:1)
  10 goblins
  3 hobgoblins
  6 jackals (D:1)
  4 quokkas
  2 frilled lizards
  5 kobolds
  A rat (D:2)
61 creatures vanquished.

Notes
Turn   | Place    | Note
-------+----------+-------------------------------------------
     0 | D:1      | a11behringer the Gargoyle Berserker began the quest for the
                  | Orb.
     0 | D:1      | Reached XP level 1. HP: 14/14 MP: 1/1
   281 | D:1      | Reached XP level 2. HP: 16/19 MP: 2/2
   635 | D:1      | Reached XP level 3. HP: 23/23 MP: 3/3
  1381 | D:2      | Reached skill level 4 in Maces & Flails
  1570 | D:2      | Found a faded altar of an unknown god.
  1668 | D:2      | Reached ** piety under Trog
  1854 | D:2      | Reached XP level 4. HP: 29/29 MP: 4/4
  2994 | D:3      | Reached XP level 5. HP: 33/33 MP: 5/5
  3061 | D:4      | Noticed a phantom
  3096 | D:4      | Killed a phantom
  3097 | D:4      | Reached skill level 5 in Maces & Flails
  3429 | D:4      | Reached XP level 6. HP: 36/38 MP: 6/6
  3510 | D:4      | Slain by a killer bee

Illustrated notes

Levels and vault maps discovered:
D:1:      co_arrival_square_in_a_square_in_a_square, layout_basic
D:2:      layout_loops_ring, shapermc_ecumenical_altar_notcrosses
D:3:      layout_loops_corners
D:4:      layout_basic, nicolae_ru_great_annihilating_truth, minmay_liquid_box,
          sigmund_edmund_badplayer

Skill      XL: |  1  2  3  4  5  6 |
---------------+-------------------+-----
Maces & Flails | 4 5 |  5.5
Fighting       | 4 |  4.6
Armour         | 3 4 |  4.3
Dodging        | |  1.8

Action                   |  1- 3 |  4- 6 || total
-------------------------+-------+-------++-------
Melee: Mace              |   105 |   160 ||   265
Invok: Berserk           |       |     4 ||     4
       Trog's Hand       |       |     4 ||     4
  Use: Potion            |       |     2 ||     2
Armor: Animal skin       |    24 |       ||    24
       Ring mail         |     9 |       ||     9
       Plate armour      |     3 |   148 ||   151
Dodge: Dodged            |    52 |    75 ||   127

Table legend: (Time is in decaauts)
 A = Elapsed time spent in this place.
 B = Non-inter-level travel time spent in this place.
 C = Inter-level travel time spent in this place.
 D = Time resting spent in this place.
 E = Time spent auto-exploring this place.
 F = Levels seen in this place.
 G = Mean time per level.
                   A        B        C        D        E       F      G
               +--------+--------+--------+--------+--------+-----+--------+
         Total |   3577 |   3385 |    192 |    158 |   2664 |   4 |  894.2 |
       Dungeon |   3577 |   3385 |    192 |    158 |   2664 |   4 |  894.2 |
               +--------+--------+--------+--------+--------+-----+--------+

Top non-repeatable levels by time:
     D:1: 1277 daAuts
     D:3: 970 daAuts
     D:2: 830 daAuts
     D:4: 498 daAuts
